 Dungeon Crawl Stone Soup version 0.31-a0-265-gcf7e37af1d (webtiles) character file.

Game seed: 16855313418543207152

41833 qw the Marksminotaur (level 13, -2/126 HPs)
             Began as a Minotaur Hexslinger on July 13, 2023.
             Was a High Priest of Okawaru.
             Slain by a fire crab (4 damage)
             ... while petrified by a basilisk
             ... on level 3 of the Lair of Beasts.
             The game lasted 00:07:58 (13558 turns).

qw the Marksminotaur (Minotaur Hexslinger)         Turns: 13558, Time: 00:07:58

Health: -2/126     AC: 10    Str: 14    XL:     13   Next: 82%
Magic:  19/19      EV:  2    Int: 10    God:    Okawaru [*****.]
Gold:   298        SH:  0    Dex: 17    Spells: 13/14 levels left

rFire   . . .        w - +2 arbalest (drain)
rCold   . . .        (shield currently unavailable)
rNeg    + + +        a - +0 robe of Vuipuhei {Fly rCorr SInv}
rPois   inf          (helmet restricted)
rElec   .            q - scarf {repulsion}
rCorr   +            f - +2 pair of gloves
SInv    +            g - +0 pair of boots
Will    .....        t - amulet "Hefuen" {RegenMP Slay+3}
Stlth   ++           c - +4 ring of protection
HPRegen 0.41/turn    l - +5 ring of evasion
MPRegen 0.56/turn

%: repel missiles
@: petrified, flying
A: horns 2, retaliatory headbutt
a: Renounce Religion, Heroism, Finesse, Duel


You were on level 3 of the Lair of Beasts.
You worshipped Okawaru.
Okawaru was extremely pleased with you.
You visited 3 branches of the dungeon, and saw 15 of its levels.
You also visited: Ossuary.

You collected 1017 gold pieces.
You spent 719 gold pieces at shops.


Innate Abilities, Weirdness & Mutations

You have a pair of horns on your head.
You reflexively headbutt those who attack you in melee.


   Skills:
 - Level 15.0 Fighting
 + Level 16.4 Ranged Weapons
 - Level 4.0 Armour
 - Level 11.1 Dodging
 - Level 1.0 Spellcasting
 - Level 2.0 Hexes
 - Level 10.0 Invocations


You had 13 spell levels left.
You knew the following spells:

 Your Spells              Type           Power      Damage    Failure   Level
a - Slow                  Hex            16%        N/A       16%         1

Your spell library contained the following spells:

 Spells                   Type           Power      Damage    Failure   Level
 Inner Flame              Hex/Fire       2%         N/A       56%         3
 Portal Projectile        Hex/Tloc       4%         N/A       56%         3
 Cause Fear               Hex            2%         N/A       83%         4

Inventory:

Hand Weapons
 w - a +2 arbalest of draining (weapon)
Armour
 a - the +0 robe of Vuipuhei (worn) {Fly rCorr SInv}
   (You found it on level 9 of the Dungeon)

   SInv:      It lets you see invisible.
   Fly:       It grants you flight.
   rCorr:     It protects you from acid and corrosion.
 f - a +2 pair of gloves (worn)
 g - a +0 pair of boots (worn)
 h - a +2 ring mail of poison resistance
 j - a +0 cloak
 m - a +0 troll leather armour
 q - a scarf of repulsion (worn)
 s - a +0 leather armour of fire resistance
 u - the +3 hat of Pondering {ponderous, Will+ MP+10 Int+5}
   (You took it off Gastronok on level 1 of the Lair of Beasts)

   Int:       It affects your intelligence (+5).
   MP:        It affects your magic capacity (+10).
   Will:      It increases your willpower.
Jewellery
 c - a +4 ring of protection (left hand)
 l - a +5 ring of evasion (right hand)
 p - an amulet of faith
 t - the amulet "Hefuen" (around neck) {RegenMP Slay+3}
   (You found it on level 1 of the Lair of Beasts)

   [amulet of magic regeneration]

   It increases your rate of magic regeneration.
   Slay:      It affects your accuracy & damage with ranged weapons and melee
   (+3).
 v - a ring of flight
Scrolls
 b - 9 scrolls of teleportation
 d - 3 scrolls of identify
Potions
 e - 2 potions of heal wounds
 i - 4 potions of curing
 n - a potion of magic
 o - a potion of haste
 r - 2 potions of enlightenment

Dungeon Overview and Level Annotations

Branches:
Dungeon (11/15)            Temple (1/1) D:4            Lair (3/5) D:11
 Shoals (0/4) Lair:2        Snake (0/4) Lair:3      Ossuary (visited)
    Orc: D:9-12

Altars:
Ashenzari
Cheibriados
Dithmenos
Elyvilon
Fedhas
Gozag
Hepliaklqana
Kikubaaqudgha
Makhleb
Nemelex Xobeh
Okawaru
Qazlal
Ru
Sif Muna
Trog
Uskayaw
Vehumet
Wu Jian
Xom
Yredelemnul
Zin
The Shining One

Shops:
D:8 [[:[   D:9 *

Portals:
Abyss: D:9

Annotations:
D:4 1 runed translucent door, qw's ghost, amateur GrHs
D:9 2 transporters, qw's ghost, novice GrFi


Message History

You are slowing down.
You shoot a bolt.
The bolt completely misses the basilisk.
The basilisk gazes at you.
You easily resist.
You shoot a bolt. The bolt hits the basilisk!!!
You kill the basilisk!
Okawaru accepts your kill.
Your limbs are stiffening.
You shoot a bolt. The bolt hits the bullfrog.
You drain the bullfrog.
The bullfrog is heavily wounded.
The bullfrog barely misses you.
You shoot a bolt. The bolt hits the bullfrog!
You kill the bullfrog!
Okawaru accepts your kill. The fire crab breathes flames at you.
The blast of flame engulfs you!
You have turned to stone.
You are engulfed in blazing flames. x2
The fire crab bites you!
You are engulfed in flames!
The fire crab claws you.
You are engulfed in flames!
You are engulfed in blazing flames.
Your hands slow down.
The fire crab bites you!
You are engulfed in flames!
The fire crab claws you.
You are engulfed in flames!
You are engulfed in blazing flames.
The fire crab bites you but does no damage.
The fire crab claws you but does no damage.
You feel like a meek peon again. The fire crab breathes flames at you.
The blast of flame engulfs you but does no damage.
You are engulfed in blazing flames.
The fire crab breathes flames at you. The blast of flame engulfs you.
You are engulfed in blazing flames.
The fire crab bites you!
You are engulfed in flames!
The fire crab claws you but does no damage.
You are engulfed in blazing flames.
The fire crab bites you!
You are engulfed in flames!
The fire crab claws you!
You are engulfed in flames!
The fire crab bites you!
You are engulfed in flames!
You die...

.........#..~~~####.#....P#####
.........##..~~#=$##..........#
.........##..~~#tF###.........###
.####....#..~~~#)?~ #....#.#....#
..# #...##..~~~#Ss# #....###P..##
..# #..###).~~##.F# ##...###...#
.## #.##~#.~~~#..# #..........#
..###.#....~~~#t######.........#
..+...#....~~~~.@.##...........#
..#..###..~~~~~ยค..###...####...P#
.....###.~~~~~~~~..#.....# ##..##
....###..~~~~~~~~..##.#.## #....#
###..##...~~~~~~...###..####....#
##...###...~~~~...~# ##........##
...#..###...~~...### #...###...#
.....###~#........#####.####...#
.....# ##.....#.~##.##..###....##


You could see a fire crab.

Vanquished Creatures
  Kirke (Lair:3)
  Gastronok (Lair:1)
  A dire elephant (Lair:3)
  Fannar (Lair:3)
  Erolcha (D:9)
  An anaconda (Lair:3)
  Erica (Lair:2)
  A two-headed ogre (D:11)
  2 boulder beetles
  11 death yaks
  Urug (Lair:3)
  Sonja (Lair:2)
  A skyshark (Lair:3)
  An ugly thing (D:11)
  A manticore (D:11)
  2 cyclopes
  15 elephants (Lair:3)
  Joseph (D:8)
  2 black mambas
  9 cane toads
  7 komodo dragons
  2 trolls
  4 hornets
  3 blink frogs (Lair:1)
  2 wraiths
  A shadow (D:10)
  3 wyverns
  16 yaks
  A human (Lair:3)
  4 hogs (Lair:3)
  2 basilisks (Lair:3)
  3 wargs (D:11)
  3 steam dragons
  2 nagas (Lair:3)
  12 water moccasins
  2 ice beasts (D:6)
  7 orc warriors
  A sky beast (D:7)
  2 black bears
  3 ogres
  16 wolves
  4 centaurs
  A phantom (D:4)
  3 elf zombies (Ossuary)
  2 kobold brigands
  A gnoll sergeant (D:8)
  13 bullfrogs
  A scorpion (Lair:3)
  12 wights
  3 killer bees (D:9)
  8 howler monkeys
  2 electric eels
  A centaur zombie (Ossuary)
  2 jellies
  6 hounds
  14 orc priests
  2 human zombies (Ossuary)
  A sleepcap (D:5)
  5 iguanas
  16 orc wizards
  4 hell rats (Lair:3)
  3 hound zombies (Ossuary)
  3 mummies (Ossuary)
  4 gnolls
  9 adders
  3 shadow imps
  An ufetubus (D:5)
  6 adder zombies (Ossuary)
  2 worms
  4 dart slugs
  61 orcs
  6 endoplasms
  3 giant cockroaches
  2 gnoll zombies (Ossuary)
  13 goblins
  9 hobgoblins
  4 quokkas
  7 ball pythons
  6 bats
  4 frilled lizards
  3 hobgoblin zombies (Ossuary)
  4 jackal zombies (Ossuary)
  16 kobolds
  4 kobold zombies (Ossuary)
  2 orc zombies (Ossuary)
  4 quokka zombies (Ossuary)
  2 rats
  A rat zombie (Ossuary)
438 creatures vanquished.

Vanquished Creatures (others)
  An orc wizard (D:8)
1 creature vanquished.

Grand Total: 439 creatures vanquished

Notes
Turn   | Place    | Note
-------+----------+-------------------------------------------
     0 | D:1      | qw the Minotaur Hexslinger began the quest for the Orb.
     0 | D:1      | Reached XP level 1. HP: 16/16 MP: 1/1
     0 | D:1      | 0 ||| qw: Version: 0.3-a-52-g30416fa
     0 | D:1      | 0 ||| qw: Game counter: 7647
     0 | D:1      | 0 ||| qw: Melee chars always use a shield: true
     0 | D:1      | 0 ||| qw: God list: Okawaru
     0 | D:1      | 0 ||| qw: Allow faded altars: false
     0 | D:1      | 0 ||| qw: Do Orc after clearing Dungeon:15 true
     0 | D:1      | 0 ||| qw: Do second Lair branch before Depths: true
     0 | D:1      | 0 ||| qw: Lair rune preference: random
     0 | D:1      | 0 ||| qw: Goals: Normal
     0 | D:1      | 0 ||| PLANNING D:1-11
     2 | D:1      | Noticed an armataur
     2 | D:1      | Noticed a minotaur
     4 | D:1      | Noticed an octopode
     4 | D:1      | Noticed an ogre
     6 | D:1      | Noticed a demigod
     6 | D:1      | Noticed a meteoran
     8 | D:1      | Noticed a vampire
     8 | D:1      | Noticed a demonspawn
    10 | D:1      | Noticed a merfolk
    10 | D:1      | Noticed a gargoyle
    12 | D:1      | Noticed a tengu
    14 | D:1      | Noticed a troll
    14 | D:1      | Noticed a human
    18 | D:1      | Noticed an elf
    18 | D:1      | Noticed a ghoul
    20 | D:1      | Noticed a felid
    20 | D:1      | Noticed a draconian
    22 | D:1      | Noticed a naga
    22 | D:1      | Noticed a formicid
    24 | D:1      | Noticed an octopode
    24 | D:1      | Noticed a vine stalker
    26 | D:1      | Noticed a spriggan
   182 | D:1      | Reached skill level 3 in Ranged Weapons
   209 | D:1      | Reached XP level 2. HP: 19/23 MP: 2/2
   347 | D:1      | 347 ||| FLEEEEING.
   588 | D:1      | Reached XP level 3. HP: 29/29 MP: 3/3
   651 | D:1      | 651 ||| UPGRADING to +0 ring mail.
   661 | D:1      | 661 ||| DROPPING +0 robe.
   662 | D:1      | 662 ||| UPGRADING to +0 pair of gloves.
   667 | D:1      | 667 ||| UPGRADING to +0 pair of boots.
   672 | D:1      | 672 ||| UPGRADING to +2 ring mail of poison resistance.
   682 | D:1      | 682 ||| DROPPING +0 ring mail.
   683 | D:1      | 683 ||| READING scroll labelled WANAOFFAVARGH.
   684 | D:1      | 684 ||| READING scroll labelled IRIKLI SENYAPS.
   685 | D:1      | 685 ||| DROPPING scroll of poison.
   777 | D:2      | Reached skill level 1 in Armour
   856 | D:2      | Reached skill level 4 in Ranged Weapons
  1232 | D:2      | Found a faded altar of an unknown god.
  1246 | D:2      | Reached XP level 4. HP: 36/36 MP: 4/4
  1293 | D:2      | 1293 ||| UPGRADING to +4 ring of protection.
  1294 | D:2      | 1294 ||| READING scroll labelled NOBASE YRAUC.
  1295 | D:2      | 1295 ||| READING 4 scrolls labelled DODUGE VEMNUOV.
  1300 | D:2      | 1300 ||| READING scroll labelled OSE ZUROJI.
  1301 | D:2      | 1301 ||| DRINKING 3 smoky purple potions.
  1405 | D:2      | 1405 ||| DROPPING 2 potions of berserk rage.
  1722 | D:3      | Found a blossoming altar of Fedhas.
  1844 | D:3      | Reached skill level 5 in Ranged Weapons
  1849 | D:3      | Found a shimmering blue altar of Sif Muna.
  1923 | D:3      | Reached XP level 5. HP: 42/42 MP: 5/5
  2123 | D:3      | Found a hide-covered altar of Uskayaw.
  2150 | D:3      | Found a broken altar of Ashenzari.
  2232 | D:3      | 2232 ||| READING 3 scrolls of identify.
  2232 | D:3      | 2232 ||| IDENTIFYING blue potion
  2233 | D:3      | 2233 ||| READING 2 scrolls of identify.
  2233 | D:3      | 2233 ||| IDENTIFYING puce potion
  2234 | D:3      | 2234 ||| DROPPING potion of brilliance.
  2300 | D:4      | Reached skill level 3 in Fighting
  2308 | D:4      | Found a staircase to the Ecumenical Temple.
  2309 | D:4      | 2309 ||| PLANNING TEMPLE
  2322 | Temple   | Entered the Ecumenical Temple
  2348 | Temple   | 2348 ||| PLANNING OKAWARU WORSHIP
  2494 | Temple   | Became a worshipper of Warmaster Okawaru
  2495 | Temple   | 2495 ||| PLANNING D:1-11
  2567 | D:4      | Noticed a phantom
  2586 | D:4      | Killed a phantom
  2587 | D:4      | Reached skill level 6 in Ranged Weapons
  2740 | D:4      | Reached XP level 6. HP: 51/51 MP: 6/6
  2813 | D:4      | Found a runed translucent door.
  2822 | D:4      | Noticed qw's ghost (amateur GrHs)
  3001 | D:4      | 3001 ||| UPGRADING to +0 cloak.
  3006 | D:4      | 3006 ||| UPGRADING to +5 ring of evasion.
  3007 | D:4      | 3007 ||| READING scroll labelled ZUOW ITUAM.
  3008 | D:4      | 3008 ||| READING scroll labelled ALUOWOTIVO.
  3031 | D:5      | Entered Level 5 of the Dungeon
  3141 | D:5      | Reached * piety under Okawaru
  3142 | D:5      | 3142 ||| INVOKING Heroism.
  3231 | D:5      | Reached XP level 7. HP: 56/60 MP: 7/7
  3301 | D:5      | Reached skill level 7 in Ranged Weapons
  3301 | D:5      | Reached skill level 1 in Invocations
  3411 | D:5      | 3411 ||| INVOKING Heroism.
  3425 | D:5      | 3425 ||| FLEEEEING.
  3426 | D:5      | 3426 ||| FLEEEEING.
  3428 | D:5      | 3428 ||| FLEEEEING.
  3429 | D:5      | 3429 ||| FLEEEEING.
  3754 | D:5      | Found a glowing silver altar of Zin.
  3774 | D:5      | 3774 ||| READING scroll labelled JUNIOM DOARCHOXOU.
  3775 | D:5      | 3775 ||| READING scroll labelled LORYZO ZATYGG.
  3776 | D:5      | 3776 ||| DRINKING 2 viscous dark potions.
  3777 | D:5      | 3777 ||| READING 2 scrolls of identify.
  3777 | D:5      | 3777 ||| IDENTIFYING red potion
  3778 | D:5      | 3778 ||| DROPPING potion of degeneration.
  3980 | D:6      | Reached skill level 3 in Invocations
  4010 | D:6      | 4010 ||| INVOKING Heroism.
  4018 | D:6      | Reached skill level 8 in Ranged Weapons
  4031 | D:6      | 4031 ||| INVOKING Heroism.
  4032 | D:6      | Noticed a hornet
  4036 | D:6      | Reached XP level 8. HP: 67/67 MP: 6/9
  4041 | D:6      | Killed a hornet
  4041 | D:6      | Reached ** piety under Okawaru
  4104 | D:6      | 4104 ||| INVOKING Heroism.
  4431 | D:6      | Reached skill level 9 in Ranged Weapons
  4449 | D:6      | Reached skill level 3 in Armour
  4505 | D:6      | 4505 ||| DROPPING ring of resist corrosion.
  4506 | D:6      | 4506 ||| READING scroll labelled ETZAFE ZOLU.
  4611 | D:6      | 4611 ||| READING 2 scrolls labelled FIJAZOF YROVI.
  4612 | D:6      | 4612 ||| DROPPING scroll of vulnerability.
  4639 | D:7      | 4639 ||| PLANNING OSSUARY
  4660 | D:7      | Found an ornate altar of the Wu Jian Council.
  4686 | D:7      | 4686 ||| INVOKING Heroism.
  4715 | D:7      | 4715 ||| INVOKING Heroism.
  4718 | D:7      | Reached skill level 3 in Dodging
  4831 | D:7      | Found a sand-covered staircase.
  4832 | D:7      | 4832 ||| DROPPING ring of willpower.
  4838 | Ossuary  | Entered an ossuary
  4890 | Ossuary  | Reached skill level 6 in Fighting
  5037 | Ossuary  | Reached XP level 9. HP: 75/75 MP: 11/11
  5158 | Ossuary  | 5158 ||| READING 2 scrolls of enchant armour.
  5158 | Ossuary  | 5158 ||| ENCHANTING +0 pair of gloves.
  5159 | Ossuary  | 5159 ||| READING scroll of enchant armour.
  5159 | Ossuary  | 5159 ||| ENCHANTING +1 pair of gloves.
  5162 | Ossuary  | 5162 ||| READING scroll of brand weapon.
  5162 | Ossuary  | 5162 ||| BRANDING +2 sling of flaming.
  5165 | Ossuary  | 5165 ||| READING scroll of enchant weapon.
  5165 | Ossuary  | 5165 ||| ENCHANTING +2 sling of electrocution.
  5203 | Ossuary  | 5203 ||| READING scroll labelled WIUPHU FUENWOG.
  5204 | Ossuary  | 5204 ||| READING 2 scrolls of identify.
  5204 | Ossuary  | 5204 ||| IDENTIFYING purple potion
  5205 | Ossuary  | 5205 ||| DROPPING potion of attraction.
  5216 | D:7      | 5216 ||| PLANNING D:1-11
  5236 | D:7      | Reached skill level 10 in Ranged Weapons
  5267 | D:7      | Found a burning altar of Makhleb.
  5333 | D:7      | Found a hazy altar of Hepliaklqana.
  5504 | D:7      | Found a stormy altar of Qazlal.
  5507 | D:7      | 5507 ||| INVOKING Heroism.
  5536 | D:7      | 5536 ||| Stepping ~*~*~tactically~*~*~ (outnumbered).
  5541 | D:7      | 5541 ||| Stepping ~*~*~tactically~*~*~ (outnumbered).
  5705 | D:7      | Reached *** piety under Okawaru
  5758 | D:7      | 5758 ||| DRINKING 2 metallic grey potions.
  5796 | D:7      | 5796 ||| DROPPING potion of lignification.
  5807 | D:8      | Reached skill level 11 in Ranged Weapons
  5811 | D:8      | 5811 ||| STAIRDANCE
  5897 | D:8      | Found a flagged portal.
  5928 | D:8      | 5928 ||| INVOKING Heroism.
  5960 | D:8      | Found Epijiby's Book Shop.
  5997 | D:8      | Found Sasme's Armour Boutique.
  6005 | D:8      | 6005 ||| INVOKING Heroism.
  6030 | D:8      | Reached skill level 12 in Ranged Weapons
  6058 | D:8      | 6058 ||| BUYING +4 ring mail (416 gold).
  6058 | D:8      | Bought a +4 ring mail for 416 gold pieces
  6058 | D:8      | 6058 ||| BUYING scarf of repulsion (192 gold).
  6058 | D:8      | Bought a scarf of repulsion for 192 gold pieces
  6058 | D:8      | 6058 ||| SWAPPING to +0 orcbow.
  6059 | D:8      | 6059 ||| DROPPING +3 sling of electrocution.
  6130 | D:8      | Identified the +0 ring mail "Ciesuhyi" {Harm rPois Will+++
                  | Slay-5}
  6146 | D:8      | Found Zeezehuh's Armour Shoppe.
  6162 | D:8      | 6162 ||| INVOKING Heroism.
  6242 | D:8      | 6242 ||| Stepping ~*~*~tactically~*~*~ (outnumbered).
  6244 | D:8      | 6244 ||| Stepping ~*~*~tactically~*~*~ (outnumbered).
  6248 | D:8      | 6248 ||| INVOKING Heroism.
  6277 | D:8      | Noticed Joseph
  6279 | D:8      | 6279 ||| FLEEEEING.
  6291 | D:8      | Killed Joseph
  6292 | D:8      | Reached XP level 10. HP: 83/88 MP: 12/12
  6508 | D:8      | Found Nuvoreodd's Antique Armour Boutique.
  6516 | D:8      | 6516 ||| SHOPLISTING pair of glowing boots (225 gold, have
                  | 118).
  6516 | D:8      | 6516 ||| BUYING runed robe (111 gold).
  6516 | D:8      | Bought a runed robe for 111 gold pieces
  6589 | D:8      | 6589 ||| FLEEEEING.
  6590 | D:8      | 6590 ||| FLEEEEING.
  6591 | D:8      | 6591 ||| FLEEEEING.
  6597 | D:8      | 6597 ||| DRINKING potion of curing.
  6597 | D:8      | 6597 ||| (to cure confusion)
  6599 | D:8      | 6599 ||| FLEEEEING.
  6600 | D:8      | 6600 ||| FLEEEEING.
  6601 | D:8      | 6601 ||| FLEEEEING.
  6606 | D:8      | 6606 ||| FLEEEEING.
  6615 | D:8      | 6615 ||| INVOKING Heroism.
  6904 | D:8      | 6904 ||| DROPPING +0 robe of fire resistance.
  6905 | D:8      | 6905 ||| DROPPING +1 ring mail of willpower.
  6906 | D:8      | 6906 ||| UPGRADING to scarf of repulsion.
  6916 | D:8      | 6916 ||| DROPPING +0 ring mail "Ciesuhyi" {Harm rPois
                  | Will+++ Slay-5}.
  6917 | D:8      | 6917 ||| DROPPING +2 robe of cold resistance.
  6937 | D:9      | Noticed a cyclops
  6938 | D:9      | 6938 ||| INVOKING Heroism.
  6950 | D:9      | Killed a cyclops
  6967 | D:9      | Identified the +0 robe of Vuipuhei {Fly rCorr SInv}
  6976 | D:9      | Noticed a skeletal warrior
  6982 | D:9      | 6982 ||| Stepping ~*~*~tactically~*~*~ (outnumbered).
  6984 | D:9      | 6984 ||| Stepping ~*~*~tactically~*~*~ (outnumbered).
  6987 | D:9      | 6987 ||| Stepping ~*~*~tactically~*~*~ (outnumbered).
  6988 | D:9      | 6988 ||| Stepping ~*~*~tactically~*~*~ (outnumbered).
  7005 | D:9      | Found a transporter.
  7006 | D:9      | Noticed a wizard
  7006 | D:9      | Noticed a toenail golem
  7014 | D:9      | Noticed a rakshasa
  7016 | D:9      | 7016 ||| FLEEEEING.
  7016 | D:9      | Noticed a thrashing horror
  7017 | D:9      | 7017 ||| FLEEEEING.
  7018 | D:9      | 7018 ||| FLEEEEING.
  7019 | D:9      | 7019 ||| FLEEEEING.
  7020 | D:9      | 7020 ||| FLEEEEING.
  7022 | D:9      | 7022 ||| FLEEEEING.
  7023 | D:9      | 7023 ||| FLEEEEING.
  7024 | D:9      | 7024 ||| FLEEEEING.
  7025 | D:9      | 7025 ||| FLEEEEING.
  7026 | D:9      | 7026 ||| FLEEEEING.
  7027 | D:9      | 7027 ||| FLEEEEING.
  7028 | D:9      | 7028 ||| FLEEEEING.
  7029 | D:9      | 7029 ||| FLEEEEING.
  7030 | D:9      | 7030 ||| FLEEEEING.
  7031 | D:9      | 7031 ||| FLEEEEING.
  7032 | D:9      | 7032 ||| FLEEEEING.
  7033 | D:9      | 7033 ||| FLEEEEING.
  7034 | D:9      | 7034 ||| STAIRDANCE
  7061 | D:8      | 7061 ||| UPGRADING to +0 robe of Vuipuhei {Fly rCorr SInv}.
  7125 | D:9      | 7125 ||| INVOKING Heroism.
  7142 | D:9      | 7142 ||| Stepping ~*~*~tactically~*~*~ (cloud).
  7155 | D:9      | Reached skill level 6 in Dodging
  7171 | D:9      | 7171 ||| FLEEEEING.
  7172 | D:9      | 7172 ||| FLEEEEING.
  7173 | D:9      | 7173 ||| FLEEEEING.
  7174 | D:9      | 7174 ||| FLEEEEING.
  7175 | D:9      | 7175 ||| FLEEEEING.
  7176 | D:9      | 7176 ||| FLEEEEING.
  7177 | D:9      | 7177 ||| FLEEEEING.
  7178 | D:9      | 7178 ||| FLEEEEING.
  7179 | D:9      | 7179 ||| FLEEEEING.
  7180 | D:9      | 7180 ||| FLEEEEING.
  7181 | D:9      | 7181 ||| FLEEEEING.
  7182 | D:9      | 7182 ||| FLEEEEING.
  7183 | D:9      | 7183 ||| FLEEEEING.
  7184 | D:9      | 7184 ||| FLEEEEING.
  7185 | D:9      | 7185 ||| FLEEEEING.
  7186 | D:9      | 7186 ||| FLEEEEING.
  7187 | D:9      | 7187 ||| FLEEEEING.
  7188 | D:9      | 7188 ||| FLEEEEING.
  7190 | D:9      | 7190 ||| FLEEEEING.
  7225 | D:9      | 7225 ||| FLEEEEING.
  7226 | D:9      | 7226 ||| FLEEEEING.
  7303 | D:9      | Reached skill level 13 in Ranged Weapons
  7311 | D:9      | Noticed Erolcha
  7312 | D:9      | 7312 ||| INVOKING Heroism.
  7325 | D:9      | Killed Erolcha
  7325 | D:9      | Reached **** piety under Okawaru
  7326 | D:9      | Reached skill level 9 in Fighting
  7491 | D:9      | Noticed qw's ghost (novice GrFi)
  7524 | D:9      | Found a one-way gate to the infinite horrors of the Abyss.
  7528 | D:9      | Found a transporter.
  7591 | D:9      | Identified the +6 spear of Mitharuk {freeze, rElec rPois
                  | Dex+3}
  7627 | D:9      | 7627 ||| READING scroll of enchant weapon.
  7627 | D:9      | 7627 ||| ENCHANTING +0 orcbow.
  7723 | D:9      | Found Moppuag's Elemental Accessories.
  7770 | D:9      | 7770 ||| READING 3 scrolls of identify.
  7770 | D:9      | 7770 ||| IDENTIFYING silvery potion
  7771 | D:9      | 7771 ||| READING 2 scrolls of identify.
  7771 | D:9      | 7771 ||| IDENTIFYING fizzy purple potion
  7788 | D:10     | Entered Level 10 of the Dungeon
  7801 | D:10     | 7801 ||| INVOKING Heroism.
  7846 | D:10     | 7846 ||| INVOKING Heroism.
  8001 | D:10     | 8001 ||| INVOKING Heroism.
  8059 | D:10     | Found a sacrificial altar of Ru.
  8124 | D:10     | Found a sparkling altar of Nemelex Xobeh.
  8214 | D:10     | Found a shadowy altar of Dithmenos.
  8215 | D:10     | 8215 ||| INVOKING Heroism.
  8253 | D:10     | Noticed a cyclops
  8254 | D:10     | 8254 ||| INVOKING Heroism.
  8261 | D:10     | Killed a cyclops
  8262 | D:10     | Reached XP level 11. HP: 97/97 MP: 11/14
  8591 | D:10     | Reached skill level 6 in Invocations
  8612 | D:10     | 8612 ||| INVOKING Heroism.
  8726 | D:10     | Found a shimmering altar of Xom.
  8879 | D:10     | 8879 ||| DROPPING +4 ring mail.
  8880 | D:10     | 8880 ||| DROPPING +2 pair of gloves.
  8895 | D:11     | 8895 ||| PLANNING GAUNTLET
  8928 | D:11     | 8928 ||| INVOKING Heroism.
  8976 | D:11     | Noticed a two-headed ogre
  8977 | D:11     | 8977 ||| INVOKING Heroism.
  8988 | D:11     | Killed a two-headed ogre
  8989 | D:11     | Reached skill level 14 in Ranged Weapons
  9021 | D:11     | 9021 ||| INVOKING Heroism.
  9061 | D:11     | 9061 ||| INVOKING Heroism.
  9167 | D:11     | Noticed a brown ugly thing
  9180 | D:11     | 9180 ||| INVOKING Heroism.
  9184 | D:11     | Killed a brown ugly thing
  9381 | D:11     | Found a staircase to the Lair.
  9384 | D:11     | 9384 ||| Stepping ~*~*~tactically~*~*~ (outnumbered).
  9413 | D:11     | 9413 ||| INVOKING Heroism.
  9477 | D:11     | 9477 ||| RIP GAUNTLET
  9529 | D:11     | 9529 ||| PLANNING LAIR
  9539 | Lair:1   | Entered Level 1 of the Lair of Beasts
  9566 | Lair:1   | 9566 ||| INVOKING Heroism.
  9720 | Lair:1   | 9720 ||| INVOKING Heroism.
  9725 | Lair:1   | Received a gift from Okawaru
  9752 | Lair:1   | 9752 ||| INVOKING Heroism.
  9837 | Lair:1   | Noticed a death yak
  9838 | Lair:1   | 9838 ||| INVOKING Heroism.
  9838 | Lair:1   | Noticed a boulder beetle
  9841 | Lair:1   | Noticed a death yak
  9842 | Lair:1   | Noticed a death yak
  9855 | Lair:1   | Killed a death yak
  9857 | Lair:1   | HP: 23/99 [death yak (18)]
  9858 | Lair:1   | 9858 ||| READING 9 scrolls of teleportation.
  9859 | Lair:1   | 9859 ||| DRINKING 3 potions of heal wounds.
 10014 | Lair:1   | 10014 ||| FLEEEEING.
 10015 | Lair:1   | 10015 ||| FLEEEEING.
 10078 | Lair:1   | 10078 ||| INVOKING Heroism.
 10110 | Lair:1   | Killed a boulder beetle
 10111 | Lair:1   | Reached skill level 15 in Ranged Weapons
 10184 | Lair:1   | 10184 ||| INVOKING Heroism.
 10207 | Lair:1   | Killed a death yak
 10247 | Lair:1   | 10247 ||| INVOKING Heroism.
 10258 | Lair:1   | Killed a death yak
 10312 | Lair:1   | 10312 ||| READING scroll of brand weapon.
 10312 | Lair:1   | 10312 ||| BRANDING +1 orcbow.
 10326 | Lair:1   | 10326 ||| INVOKING Heroism.
 10359 | Lair:1   | 10359 ||| INVOKING Heroism.
 10461 | Lair:1   | Noticed a death yak
 10462 | Lair:1   | 10462 ||| INVOKING Heroism.
 10469 | Lair:1   | Killed a death yak
 10470 | Lair:1   | Reached skill level 16 in Ranged Weapons
 10470 | Lair:1   | Reached XP level 12. HP: 106/106 MP: 13/16
 10808 | Lair:1   | Identified the amulet "Hefuen" {RegenMP Slay+3}
 10834 | Lair:1   | Noticed Gastronok
 10835 | Lair:1   | 10835 ||| INVOKING Heroism.
 10848 | Lair:1   | Killed Gastronok
 10990 | Lair:1   | 10990 ||| DROPPING scarf of harm.
 10991 | Lair:1   | 10991 ||| UPGRADING to amulet "Hefuen" {RegenMP Slay+3}.
 10996 | Lair:1   | 10996 ||| READING 3 scrolls of identify.
 10996 | Lair:1   | 10996 ||| IDENTIFYING grey potion
 11136 | Lair:2   | Noticed Sonja
 11147 | Lair:2   | Reached ***** piety under Okawaru
 11148 | Lair:2   | 11148 ||| INVOKING Finesse.
 11153 | Lair:2   | Killed Sonja
 11186 | Lair:2   | 11186 ||| INVOKING Heroism.
 11279 | Lair:2   | Found a staircase to the Shoals.
 11331 | Lair:2   | Noticed Erica
 11332 | Lair:2   | 11332 ||| INVOKING Heroism.
 11336 | Lair:2   | Killed Erica
 11384 | Lair:2   | Reached skill level 9 in Invocations
 12151 | Lair:3   | 12151 ||| INVOKING Heroism.
 12170 | Lair:3   | Noticed Kirke
 12171 | Lair:3   | 12171 ||| INVOKING Finesse.
 12183 | Lair:3   | Killed Kirke
 12184 | Lair:3   | Reached skill level 12 in Fighting
 12229 | Lair:3   | Noticed Urug
 12230 | Lair:3   | 12230 ||| INVOKING Heroism.
 12243 | Lair:3   | 12243 ||| INVOKING Finesse.
 12257 | Lair:3   | Killed Urug
 12258 | Lair:3   | Reached skill level 9 in Dodging
 12258 | Lair:3   | Reached XP level 13. HP: 99/118 MP: 16/19
 12358 | Lair:3   | 12358 ||| INVOKING Heroism.
 12359 | Lair:3   | 12359 ||| INVOKING Finesse.
 12450 | Lair:3   | 12450 ||| INVOKING Heroism.
 12451 | Lair:3   | 12451 ||| INVOKING Finesse.
 12534 | Lair:3   | Found a staircase to the Snake Pit.
 12574 | Lair:3   | 12574 ||| INVOKING Heroism.
 12763 | Lair:3   | Received a gift from Okawaru
 12909 | Lair:3   | Noticed a dire elephant
 12910 | Lair:3   | 12910 ||| INVOKING Heroism.
 12927 | Lair:3   | Killed a dire elephant
 13087 | Lair:3   | Noticed Fannar
 13102 | Lair:3   | 13102 ||| INVOKING Heroism.
 13108 | Lair:3   | Killed Fannar
 13354 | Lair:3   | 13354 ||| INVOKING Heroism.
 13355 | Lair:3   | 13355 ||| Stepping ~*~*~tactically~*~*~ (cloud).
 13477 | Lair:3   | 13477 ||| INVOKING Heroism.
 13478 | Lair:3   | 13478 ||| INVOKING Finesse.
 13496 | Lair:3   | Received a gift from Okawaru
 13508 | Lair:3   | Reached skill level 15 in Fighting
 13509 | Lair:3   | 13509 ||| SWAPPING to +2 arbalest of draining.
 13510 | Lair:3   | 13510 ||| DROPPING +1 orcbow of draining.
 13531 | Lair:3   | 13531 ||| Stepping ~*~*~tactically~*~*~ (outnumbered).
 13534 | Lair:3   | 13534 ||| Stepping ~*~*~tactically~*~*~ (outnumbered).
 13556 | Lair:3   | HP: 31/126 [fire crab (5)]
 13557 | Lair:3   | HP: 11/126 [fire crab (6)]
 13557 | Lair:3   | HP: 4/126 [fire crab (4)]
 13558 | Lair:3   | Slain by a fire crab

Levels and vault maps discovered:
D:1:      kb_arrival_jail, layout_rooms, grunt_decor_cap
D:2:      layout_basic, basic_ecumenical_altar
D:3:      layout_basic, fedhas_ov_isle_minmay, nicolae_sif_muna_condensation,
          mainiacjoe_overflow_two_lobes
D:4:      kennysheep_six_static_rooms, layout_cave_pools,
          minmay_temple_entry_sparse_star, ebering_ghost_sewer_d,
          due_unseen_surprise
D:5:      layout_loops_cross, general_overflow_altar
D:6:      layout_basic, dreamdust_mushroom_princess
D:7:      layout_basic, mainiacjoe_overflow_chevrons, amcnicky_altar_gilded,
          mainiacjoe_overflow_alcove_1, mainiacjoe_overflow_six_doors_small,
          nicolae_ossuary_entry_plus
D:8:      layout_basic, enter_bailey_2, serial_shops, shop, shop, shop,
          nicolae_shop_peninsula, grunt_ministairs_2, chequers_mini_garden,
          uniq_joseph
D:9:      layout_basic, gammafunk_ghost_abyssal_escape, nicolae_elemental_shop,
          lemuel_flamethrower_2, uniq_erolcha
D:10:     layout_loops_ring, nicolae_ru_great_annihilating_truth,
          grunt_dithmenos_smoke_and_mirrors, marbit_many_paths,
          nemelex_spade_bored_becter, special_room [special_room_orc],
          nrook_mini_vaults, chequers_arboretum
D:11:     layout_roguey, erik_lair_orcish_takeover, gauntlet_entry_generic
Temple:   chequers_temple_sunken
Lair:1:   layout_regular_city, grunt_forest_small_clearings, grunt_megastairs_4,
          infiniplex_staircase_pool, uniq_gastronok
Lair:2:   layout_hall_layers, shoals_dummy_entry, minivault_25,
          grunt_forest_small_clearing_treed, uniq_erica, uniq_sonja
Lair:3:   layout_gridlike, guppyfry_snake_entry_island,
          nicolae_lair_lakeside_cave, grunt_megastairs_3, uniq_fannar,
          uniq_urug, uniq_kirke

Skill      XL: |  1  2  3  4  5  6  7  8  9 10 11 12 13 |
---------------+----------------------------------------+-----
Ranged Weapons | 3 4 5 6 8 9 12 13 16 | 16.4
Fighting       | 2 3 4 6 8 9 10 12 15 | 15.0
Armour         | 1 2 3 4 |  4.0
Invocations    | 3 4 5 6 10 | 10.0
Dodging        | 3 4 6 7 9 11 | 11.1
Spellcasting   | |  1.0
Hexes          | |  2.0

Action                     |  1- 3 |  4- 6 |  7- 9 | 10-12 | 13-15 || total
---------------------------+-------+-------+-------+-------+-------++-------
   Fire: Sling             |   136 |   192 |   465 |       |       ||   793
         Orcbow            |       |       |    45 |   830 |   296 ||  1171
         Arbalest          |       |       |       |       |    16 ||    16
 Invoke: Heroism           |       |     1 |    11 |    31 |     7 ||    50
         Finesse           |       |       |       |     3 |     3 ||     6
    Use: Scroll            |     2 |     7 |    11 |     6 |       ||    26
         Potion            |       |     1 |     2 |     2 |       ||     5
 Armour: Robe              |    14 |       |       |    55 |    22 ||    91
         Ring mail         |    15 |    34 |    94 |    12 |       ||   155
  Dodge: Dodged            |    31 |    64 |   195 |   334 |   104 ||   728

Table legend:
 A = Non-vault XP
 B = Vault XP
 C = Vault XP percentage of total XP
 D = Non-vault monster count
 E = Vault monster count
 F = Vault count percentage of total count
                 A         B        C        D         E       F
            +---------+---------+-------+---------+---------+-------
      Total |   38809 |   20953 |  35.1 |     303 |     135 |  30.8
            +---------+---------+-------+---------+---------+-------
        D:1 |      43 |       0 |   0.0 |      23 |       0 |   0.0
        D:2 |      70 |       0 |   0.0 |      19 |       0 |   0.0
        D:3 |     107 |       0 |   0.0 |      20 |       0 |   0.0
        D:4 |     222 |      58 |  20.7 |      15 |       6 |  28.6
        D:5 |     468 |       0 |   0.0 |      15 |       0 |   0.0
        D:6 |    1276 |       0 |   0.0 |      17 |       0 |   0.0
        D:7 |    1214 |      15 |   1.2 |      22 |       1 |   4.3
        D:8 |    1315 |     819 |  38.4 |      33 |       6 |  15.4
        D:9 |    2589 |     848 |  24.7 |      31 |       1 |   3.1
       D:10 |    2024 |     651 |  24.3 |      12 |      31 |  72.1
       D:11 |    2678 |     614 |  18.7 |      13 |       8 |  38.1
     Lair:1 |    7498 |    3082 |  29.1 |      22 |      12 |  35.3
     Lair:2 |    4619 |    1599 |  25.7 |      16 |       2 |  11.1
     Lair:3 |   14686 |   12663 |  46.3 |      45 |      30 |  40.0
    Ossuary |       0 |     604 | 100.0 |       0 |      38 | 100.0
            +---------+---------+-------+---------+---------+-------
